 Dungeon Crawl Stone Soup version 0.29.1-1-gd02db6906a (webtiles) character file.

Game seed: 10574214619519714559

290 Servana the Insei (level 6, -11/38 HPs)
             Began as an Octopode Transmuter on Sept 24, 2022.
             Killed by nerve-wracking pain
             ... invoked by an orc priest
              (13 damage)
             ... on level 4 of the Dungeon.
             The game lasted 00:23:17 (3854 turns).

Servana the Insei (Octopode Transmuter)             Turns: 3854, Time: 00:23:18

Health: -11/38     AC:  1    Str: 11    XL:     6   Next: 32%
Magic:  9/9        EV: 14    Int: 15    God:
Gold:   137        SH:  0    Dex: 19    Spells: 5/9 levels left

rFire   . . .      SeeInvis .   d - +2 dagger (elec)
rCold   . . .      Faith    .   (no shield)
rNeg    . . .      Spirit   .   (helmet restricted)
rPois   .          Reflect  .   (no amulet)
rElec   .          Harm     .   c - ring of wizardry
rCorr   .          Rampage  .   g - +6 ring of dexterity
Will    .....                   (no ring)
Stlth   ++++......              (no ring)
HPRegen 0.12/turn               (no ring)
MPRegen 0.11/turn               (no ring)
                                (no ring)
                                (no ring)

@: no status effects
A: almost no armour, amphibious, 8 rings, camouflage 1, gelatinous body 1,
(nimble swimmer 1), tentacles
a: no special abilities


You were on level 4 of the Dungeon.
You visited 1 branch of the dungeon, and saw 4 of its levels.

You collected 137 gold pieces.

Inventory:

Hand Weapons
 d - a +2 dagger of electrocution (weapon)
Jewellery
 c - a ring of wizardry (left tentacle)
 g - a +6 ring of dexterity (right tentacle)
Wands
 i - a wand of paralysis (7)
Scrolls
 a - a scroll of blinking
 e - a scroll of amnesia
 f - 2 scrolls of teleportation
 h - 2 scrolls of identify
 j - 2 scrolls of fog {unknown}
 k - a scroll of fear {unknown}
Potions
 b - 2 potions of flight


   Skills:
 + Level 1.5 Fighting
 + Level 1.2 Short Blades
 + Level 3.1 Dodging
 + Level 3.0 Stealth
 * Level 4.3 Unarmed Combat
 + Level 2.3 Spellcasting
 * Level 3.1 Transmutations
 * Level 1.8 Poison Magic


You had 5 spell levels left.
You knew the following spells:

 Your Spells              Type           Power      Damage    Failure   Level
a - Beastly Appendage     Tmut           22%        N/A       2%          1
b - Spider Form           Tmut/Pois      9%         N/A       10%         3

Your spell library contained the following spells:

 Spells                   Type           Power      Damage    Failure   Level
 Wereblood                Tmut           11%        N/A       3%          2
 Dazzling Flash           Conj/Hex       2%         N/A       26%         3
 Ice Form                 Ice/Tmut       6%         N/A       41%         4
 Iskenderun's Mystic Bla  Conj/Tloc      1%         2d3       61%         4
 Starburst                Conj/Fire      0%         6d3       100%        6


Dungeon Overview and Level Annotations

Branches:
Dungeon (4/15)
 Temple: D:4-7

Altars:

Annotations:
D:2 Sigmund


Innate Abilities, Weirdness & Mutations

You cannot wear most types of armour.
You are amphibious.
You can wear up to eight rings at the same time.
Your skin changes colour to match your surroundings (Stealth+).
Your rubbery body absorbs attacks. (AC +1, EV +1)
((You are camouflaged when in or above water. (Stealth+)))
You have tentacles for arms and can constrict up to eight enemies at once.


Message History

The orc misses you.
You hit the orc but do no damage. You grab the orc.
You constrict the orc, but do no damage.
The orc barely misses you.
You hit the orc.
The orc is heavily wounded.
You constrict the orc, but do no damage.
The orc barely misses you.
You hit the orc but do no damage. Lightning courses through the orc!
You kill the orc!
Unknown command.
You start resting.
An orc priest is nearby!
There is an open door here.
Things that are here:
a +0 hand axe; a +0 ring mail; a scroll labelled KAM POPIDELLO You hit the orc priest.
You grab the orc priest.
The orc priest is moderately wounded.
You constrict the orc priest.
The orc priest hits you with a +0 flail!
You completely miss the orc priest.
The orc priest is moderately wounded.
You constrict the orc priest. The orc priest barely misses you.
You barely miss the orc priest. You squeeze the orc priest!
You kill the orc priest!
Your Stealth skill increases to level 3!
You see here a +0 flail.
j - 2 scrolls labelled KAM POPIDELLO (gained 1)
There is an open door here.
Things that are here:
a +0 hand axe; a +0 ring mail You start resting.
An orc priest comes into view. It is wielding a +1 vampiric dagger.
The orc priest shouts!
The orc priest mumbles some strange prayers to Beogh against you.
Beogh smites you!
* * * LOW HITPOINT WARNING * * *
The orc priest invokes the aid of Beogh against you.
Pain shoots through your body!
You die...

#........#.#.#########
######.........#
#.......######.#
#.#.###.#....#.#######
#...†.#....#........
....##..#....#...#####
#.#####.#....#..##
#.......#....#.##
#######.###@##.#
#...o.)..# ##########


You could see an orc priest.

Vanquished Creatures
  3 orc priests (D:4)
  2 orc wizards (D:4)
  Robin (D:2)
  4 adders
  3 worms (D:3)
  3 dart slugs
  7 orcs
  6 ball pythons
  8 bats
  5 endoplasms
  A giant cockroach (D:2)
  7 goblins
  6 hobgoblins
  6 kobolds
  4 quokkas
  A frilled lizard (D:1)
  3 rats
70 creatures vanquished.

Vanquished Creatures (collateral kills)
  7 orcs (D:4)
7 creatures vanquished.

Grand Total: 77 creatures vanquished

Notes
Turn   | Place    | Note
-------+----------+-------------------------------------------
     0 | D:1      | Servana the Octopode Transmuter began the quest for the
                  | Orb.
     0 | D:1      | Reached XP level 1. HP: 13/13 MP: 3/3
    22 | D:1      | Found a faded altar of an unknown god.
   330 | D:1      | You fall into a shaft and drop 1 floor!
   341 | D:2      | Reached XP level 2. HP: 14/18 MP: 5/5
  1005 | D:2      | Noticed Robin
  1281 | D:2      | Reached XP level 3. HP: 23/23 MP: 6/6
  1471 | D:2      | Noticed Sigmund
  1634 | D:2      | Killed Robin
  1635 | D:2      | Reached XP level 4. HP: 8/28 MP: 7/7
  1647 | D:2      | HP: 2/42 [Sigmund/+0 scythe (4)]
  1943 | D:3      | Reached skill level 1 in Stealth
  1991 | D:3      | Learned a level 3 spell: Spider Form
  2931 | D:4      | Reached skill level 4 in Unarmed Combat
  2932 | D:4      | Reached XP level 5. HP: 33/33 MP: 8/8
  2954 | D:4      | Reached skill level 1 in Poison Magic
  3432 | D:4      | Reached XP level 6. HP: 12/38 MP: 9/9
  3686 | D:4      | Reached skill level 1 in Short Blades
  3854 | D:4      | Killed from afar by an orc priest

Illustrated notes

Levels and vault maps discovered:
D:1:      dpeg_arrival_simpleton_c, layout_loops_ring,
          hellmonk_ecumenical_altar_arch_garden, glass_columns_c,
          minmay_box_of_dots
D:2:      layout_rooms, uniq_sigmund, uniq_robin
D:3:      layout_loops_corners, kennysheep_decorative_pillar
D:4:      layout_basic, portal_sewer_entry_e, grunt_ministairs_4,
          nrook_mini_vaults

Skill      XL: |  1  2  3  4  5  6 |
---------------+-------------------+-----
Stealth        | 1 2 3 |  3.0
Unarmed Combat | 4 |  4.3
Poison Magic   | 1 |  1.8
Dodging        | 3 |  3.1
Transmutations | 3 |  3.1
Short Blades   | 1 |  1.2
Fighting       | |  1.5
Spellcasting   | |  2.3

Action                   |  1- 3 |  4- 6 || total
-------------------------+-------+-------++-------
Melee: Unarmed           |    61 |     5 ||    66
       Constrict         |    21 |    21 ||    42
       Tentacles         |     9 |    14 ||    23
       Punch             |     3 |     1 ||     4
       Kick              |     3 |       ||     3
       Dagger            |    12 |    90 ||   102
 Cast: Beastly Appendage |     4 |       ||     4
       Spider Form       |       |     2 ||     2
  Use: Scroll            |     7 |     3 ||    10
       Potion            |     1 |     2 ||     3
 Stab: Sleeping          |     4 |     8 ||    12
Armor: Skin              |    10 |    21 ||    31
Dodge: Dodged            |    55 |    44 ||    99
